 Dungeon Crawl Stone Soup version 0.28-a0-312-gbced6e68ee (webtiles) character file.

Game seed: 17442756001342445178

4440 Shayle the Martial Artist (level 10, -6/76 HPs)
             Began as a Djinni Warper on Aug 31, 2021.
             Was a Follower of Makhleb.
             Mangled by a two-headed ogre (12 damage)
             ... on level 9 of the Dungeon.
             The game lasted 00:28:25 (11654 turns).

Shayle the Martial Artist (Djinni Warper)          Turns: 11654, Time: 00:28:26

Health: -6/76      AC: 20    Str: 10    XL:     10   Next: 63%
Gold:   458        EV: 11    Int: 19    God:    Makhleb [*.....] SH:  7 Dex: 29

rFire   + . .      SeeInvis .   b - +4 dagger (vamp)
rCold   x . .      Faith    .   o - +0 buckler
rNeg    . . .      Spirit   .   C - +7 ring mail of the Dice {rPois rF- Dex+8 Stlth-}
rPois   ∞          Reflect  .   p - +2 helmet
rElec   .          Harm     .   A - +2 cloak
rCorr   .          Rampage  .   k - +0 pair of fencer's gloves {Riposte Dex+3}
Will    +....                   (boots unavailable)
Stlth   +.........              (no amulet)
HPRegen 0.22/turn               l - +6 ring of dexterity
MPRegen 0.00/turn               (no ring)

@: flying, very slightly contaminated, invisible
A: sickness immunity, fire resistance 2, cold vulnerability 1, float, innate
caster, hp casting, extra vitality 1
a: Renounce Religion


You were on level 9 of the Dungeon.
You worshipped Makhleb.
Makhleb was aware of your devotion.
You visited 3 branches of the dungeon, and saw 11 of its levels.

You collected 458 gold pieces.

Inventory:

Hand Weapons
 b - a +4 vampiric dagger (weapon)
 f - a +1 hunting sling of flaming
 h - a +1 short sword of draining
Armour
 a - a +0 leather armour
 k - the +0 pair of fencer's gloves (worn) {Riposte Dex+3}
   (You acquired it on level 4 of the Dungeon)

   It allows the wearer to riposte with melee weapons, swiftly retaliating
   against missed attacks.
   Dex:       It affects your dexterity (+3).
 o - a +0 buckler (worn)
 p - a +2 helmet (worn)
 A - a +2 cloak (worn)
 C - the +7 ring mail of the Dice (worn) {rPois rF- Dex+8 Stlth-}
   (You found it on level 8 of the Dungeon)

   Dex:       It affects your dexterity (+8).
   rF:        It makes you vulnerable to fire.
   rPois:     It protects you from poison.
   Stlth:     It makes you less stealthy.
Jewellery
 l - a +6 ring of dexterity (left hand)
Wands
 u - a wand of flame (10)
 z - a wand of digging (1)
Scrolls
 d - 2 scrolls of enchant weapon
 i - 2 scrolls of fog
 j - 2 scrolls of brand weapon
 m - a scroll of vulnerability
 t - a scroll of amnesia {unknown}
 y - 2 scrolls of identify
Potions
 c - 5 potions of curing
 e - 3 potions of haste
 g - 2 potions of brilliance
 n - a potion of cancellation
 q - a potion of berserk rage
 s - a potion of attraction
 w - a potion of mutation {unknown}
 x - a potion of degeneration {unknown}


   Skills:
 - Level 8.0 Fighting
 - Level 0.7 Throwing
 + Level 4.8 Armour
 - Level 2.1 Dodging
 - Level 4.0 Shields
 - Level 10.2 Unarmed Combat
 - Level 2.4 Spellcasting
 - Level 4.1 Invocations


You couldn't memorise any spells.
You knew the following spells:

 Your Spells              Type           Power      Damage    Failure   Level
a - Blink                 Tloc           N/A        N/A       22%         2
b - Lesser Beckoning      Tloc           11%        N/A       38%         3
c - Gell's Gravitas       Tloc           5%         N/A       38%         3
d - Teleport Other        Tloc           11%        N/A       38%         3
e - Manifold Assault      Tloc           11%        N/A       98%         5
f - Shock                 Conj/Air       44%        1d5       14%         1
g - Poisonous Vapours     Pois/Air       22%        N/A       22%         2
h - Summon Guardian Gole  Hex/Summ       11%        N/A       38%         3
i - Hailstorm             Conj/Ice       11%        3d5       80%         4
Your spell library was empty.

Dungeon Overview and Level Annotations

Branches:
Dungeon (9/15)             Temple (1/1) D:4            Lair (1/6) D:8
    Orc: D:9-12

Altars:
Ashenzari
Cheibriados
Dithmenos
Fedhas
Hepliaklqana
Kikubaaqudgha
Makhleb
Nemelex Xobeh
Okawaru
Qazlal
Ru
Sif Muna
Trog
Uskayaw
Vehumet
Yredelemnul
Zin
The Shining One
Lugonu

Shops:
D:7 ?

Annotations:
D:2 1 runed translucent door, Crazy Yiuf
D:4 Sigmund
D:6 Maggie
D:8 Psyche
D:9 2 transporters, Loskel's ghost, novice MiFi


Innate Abilities, Weirdness & Mutations

You are immune to sickness and miasma.
You are immune to poison.
Your flesh is very heat resistant. (rF++)
You are vulnerable to cold. (rC-)
You float through the air rather than walking.
You learn spells naturally, not from books.
Your magical power is your life essence.
You have superior vitality. (+4 HP)


Message History

The two-headed ogre barely misses you.
The two-headed ogre hits you with a +0 giant club!
You hit the two-headed ogre but do no damage.
The two-headed ogre is lightly wounded.
The two-headed ogre barely misses you.
The two-headed ogre hits you with a +0 giant club!
You hit the two-headed ogre but do no damage.
The two-headed ogre is lightly wounded.
Okay, then.
You fade into invisibility!
The two-headed ogre barely misses you. x2
You are very lightly contaminated with residual magic.
You hit the two-headed ogre but do no damage.
The two-headed ogre is lightly wounded.
The two-headed ogre closely misses you.
The two-headed ogre hits you but does no damage.
You hit the two-headed ogre.
The two-headed ogre is lightly wounded.
The two-headed ogre hits you but does no damage.
The two-headed ogre closely misses you.
You strike the helpless two-headed ogre from behind!
You puncture the two-headed ogre!
The two-headed ogre is moderately wounded.
You see here a howler monkey corpse.
You catch the helpless two-headed ogre completely off-guard!
You hit the two-headed ogre.
The two-headed ogre is heavily wounded.
The two-headed ogre closely misses you.
The two-headed ogre hits you but does no damage.
You hit the two-headed ogre.
The two-headed ogre is heavily wounded.
The two-headed ogre hits you with a +0 giant club!
* * * LOW HITPOINT WARNING * * *
The two-headed ogre hits you with a +0 giant club!
* * * LOW HITPOINT WARNING * * *
You hit the two-headed ogre.
You feel better.
The two-headed ogre is heavily wounded.
The two-headed ogre barely misses you.
The two-headed ogre hits you with a +0 giant club!
You die...

.....#####...# #...########.
.............#####............
...........>............###+#
###'###.................#..
......#...............h..h.....
......#...######...h..##.##....
......#...# #.###### ..# ..
###'###...# #.# ...#
..........# #@# ....#
.#######..# #O# _..... .#
........# ....#. .# .........
### .# _....######.## .#
.....#.......# .#
.....#.......# .# ... #.......#
.# .# $.. #.......# #######.#


You could see a two-headed ogre.

Vanquished Creatures
  A black mamba (Lair:1)
  A wyvern (D:8)
  Edmund (D:6)
  2 steam dragons
  2 water moccasins (D:7)
  An ice beast (D:6)
  An orc warrior (D:8)
  3 sky beasts
  A black bear (D:8)
  2 ogres
  2 centaurs (D:8)
  A necrophage (D:6)
  A kobold brigand (D:5)
  A phantom (D:4)
  2 bullfrogs
  A scorpion (D:4)
  2 wyvern zombies
  A wyvern skeleton (D:7)
  5 wights
  2 electric eels (D:6)
  4 howler monkeys
  A centaur zombie (D:6)
  A bullfrog zombie (D:5)
  An orc priest (D:8)
  3 centaur skeletons (D:6)
  2 jellies
  A hound (D:6)
  Jessica (D:2)
  2 orc wizards (D:8)
  3 iguanas
  A killer bee zombie (D:8)
  3 hound zombies
  2 hound skeletons
  2 howler monkey zombies
  Robin (D:2)
  7 gnolls (D:7)
  9 adders
  3 shadow imps
  2 white imps (D:8)
  2 ufetubi
  3 adder zombies (D:4)
  2 worms
  34 orcs
  3 endoplasms
  3 giant cockroaches
  14 goblins
  5 hobgoblins
  3 jackals (D:5)
  15 kobolds
  A quokka (D:5)
  7 ball pythons
  7 bats
  2 frilled lizards
  3 rats
186 creatures vanquished.

Vanquished Creatures (others)
  A two-headed ogre (D:8)
  A bat (D:3)
  A giant cockroach (D:3)
  A ball python (D:3)
  3 fungi (D:8)
  10 plants
17 creatures vanquished.

Grand Total: 203 creatures vanquished

Notes
Turn   | Place    | Note
-------+----------+-------------------------------------------
     0 | D:1      | Shayle the Djinni Warper began the quest for the Orb.
     0 | D:1      | Reached XP level 1. HP: 18/18 MP: 0/0
   375 | D:1      | Reached XP level 2. HP: 23/23 MP: 0/0
   941 | D:1      | Reached XP level 3. HP: 29/29 MP: 0/0
   941 | D:1      | Learned a level 1 spell: Shock
  1109 | D:2      | Reached skill level 3 in Unarmed Combat
  1175 | D:2      | Noticed Jessica
  1187 | D:2      | Killed Jessica
  1188 | D:2      | Reached XP level 4. HP: 17/34 MP: 0/0
  1787 | D:2      | Noticed Robin
  1797 | D:2      | Killed Robin
  2009 | D:2      | Found a runed translucent door.
  2010 | D:2      | Noticed Crazy Yiuf
  2273 | D:3      | Reached skill level 4 in Unarmed Combat
  2351 | D:3      | Reached XP level 5. HP: 22/40 MP: 0/0
  2351 | D:3      | Learned a level 2 spell: Poisonous Vapours
  2582 | D:3      | Noticed a sky beast
  2919 | D:3      | Killed a sky beast
  2920 | D:3      | Reached skill level 5 in Unarmed Combat
  2920 | D:3      | Reached XP level 6. HP: 18/47 MP: 0/0
  3313 | D:3      | Found a shadowy altar of Dithmenos.
  3541 | D:4      | Noticed Sigmund
  3944 | D:4      | Identified a scroll of acquirement
  3944 | D:4      | Acquired the +0 pair of fencer's gloves {Riposte Dex+3}
  3944 | D:4      | Found the +0 pair of fencer's gloves {Riposte Dex+3}
  4183 | D:4      | Reached XP level 7. HP: 37/52 MP: 0/0
  4183 | D:4      | Learned a level 3 spell: Summon Guardian Golem
  4328 | D:4      | Found a basalt altar of Yredelemnul.
  4403 | D:4      | Reached skill level 6 in Unarmed Combat
  4736 | D:4      | Found a staircase to the Ecumenical Temple.
  4743 | Temple   | Entered the Ecumenical Temple
  5075 | D:5      | Entered Level 5 of the Dungeon
  5620 | D:5      | Reached skill level 5 in Fighting
  5620 | D:5      | Reached skill level 7 in Unarmed Combat
  5628 | D:5      | Reached XP level 8. HP: 57/59 MP: 0/0
  6315 | D:6      | Reached skill level 8 in Unarmed Combat
  6494 | D:6      | Noticed Edmund
  6774 | D:7      | Found a bloodstained altar of Trog.
  6892 | D:7      | Reached XP level 9. HP: 49/66 MP: 0/0
  6892 | D:7      | Learned a level 4 spell: Hailstorm
  6992 | D:7      | Found Feevem's Magic Scroll Shop.
  7309 | D:6      | Reached skill level 1 in Shields
  7568 | D:6      | Reached skill level 9 in Unarmed Combat
  7819 | D:6      | Identified the +1 ring mail of Courage {Regen+ Int-4 Dex+4}
  7893 | D:6      | Found a burning altar of Makhleb.
  7913 | D:6      | Became a worshipper of Makhleb the Destroyer
  8076 | D:6      | Reached skill level 1 in Invocations
  8116 | D:6      | Found a glowing golden altar of the Shining One.
  8151 | D:6      | Noticed Maggie
  8904 | D:8      | Found a snail-covered altar of Cheibriados.
  8908 | D:8      | Noticed Psyche
  9154 | D:8      | Found a staircase to the Lair.
  9185 | D:8      | Noticed a two-headed ogre
  9193 | D:8      | Killed a two-headed ogre
  9193 | D:8      | Reached * piety under Makhleb
  9194 | D:8      | Reached XP level 10. HP: 74/75 MP: 0/0
 10001 | D:8      | Identified the +7 ring mail of the Dice {rPois rF- Dex+8
                  | Stlth-}
 10055 | D:8      | Reached skill level 10 in Unarmed Combat
 10711 | D:6      | Killed Edmund
 11263 | Lair:1   | Entered Level 1 of the Lair of Beasts
 11263 | Lair:1   | Noticed a black mamba
 11276 | Lair:1   | Killed a black mamba
 11287 | Lair:1   | Noticed a cane toad
 11289 | Lair:1   | Noticed an eight-headed hydra
 11447 | D:9      | Found a transporter.
 11449 | D:9      | Found a transporter.
 11449 | D:9      | Noticed Loskel's ghost (novice MiFi)
 11449 | D:9      | Noticed a centaur warrior
 11454 | D:9      | Noticed a two-headed ogre
 11601 | D:9      | Found a sacrificial altar of Ru.
 11618 | D:9      | Found a hazy altar of Hepliaklqana.
 11631 | D:9      | Noticed a two-headed ogre
 11654 | D:9      | Mangled by a two-headed ogre

Illustrated notes

Levels and vault maps discovered:
D:1:      minmay_arrival_radiant_lines, layout_basic, serial_bayou,
          serial_bayou_lagoon_b, serial_bayou_lake_a, serial_bayou_pond_e,
          serial_bayou_pond_c
D:2:      layout_basic, uniq_robin, uniq_jessica, uniq_crazy_yiuf_cottage
D:3:      layout_basic, lemuel_doored_altar, fiery_altar_vehumet
D:4:      layout_loops_corners, nicolae_yredelemnul_corpse_copse,
          minmay_temple_entry_hall, uniq_sigmund
D:5:      layout_basic
D:6:      wad_lake_hut, layout_basic, mainiacjoe_overflow_brackets,
          makhleb_blood_cavern_becter, uniq_edmund, uniq_maggie
D:7:      layout_basic, old_standard_altar, serial_shops, kennysheep_little_box
D:8:      layout_loops_corners, grunt_temple_overflow_open, dpeg_oklobed_lair,
          kennysheep_kite_vault, uniq_psyche
D:9:      layout_irregular_city, lemuel_round_altar,
          chequers_temple_overflow_statue_of_worship, david_orc_2,
          gammafunk_ghost_arena
Temple:   corrupted_temple
Lair:1:   layout_roguey, grunt_megastairs_3, uniq_harold

Skill      XL: |  1  2  3  4  5  6  7  8  9 10 |
---------------+-------------------------------+-----
Unarmed Combat | 3 4 5 7 8 9 10 | 10.2
Fighting       | 3 4 5 6 7 8 |  8.0
Shields        | 3 4 |  4.0
Invocations    | 3 4 |  4.1
Armour         | 4 |  4.8
Throwing       | |  0.7
Dodging        | |  2.1
Spellcasting   | |  2.4

Action                   |  1- 3 |  4- 6 |  7- 9 | 10-12 || total
-------------------------+-------+-------+-------+-------++-------
Melee: Unarmed           |    56 |    12 |       |       ||    68
       Dagger            |       |    65 |   503 |   230 ||   798
       Punch             |       |     2 |    16 |       ||    18
Throw: Boomerang         |     4 |     1 |       |       ||     5
 Cast: Shock             |    10 |    65 |    27 |       ||   102
       Poisonous Vapours |       |     6 |    14 |       ||    20
       Summon Guardian G |       |       |     2 |       ||     2
       Blink             |       |       |       |     3 ||     3
Evoke: Wand              |       |       |       |    10 ||    10
  Use: Potion            |       |     3 |       |     4 ||     7
       Scroll            |       |     8 |     7 |     1 ||    16
 Stab: Sleeping          |       |     1 |     1 |     1 ||     3
       Invisible         |       |       |       |     2 ||     2
Armor: Leather armour    |    20 |    28 |   160 |    23 ||   231
       Ring mail         |       |       |       |    97 ||    97
Dodge: Dodged            |    28 |    51 |   255 |   110 ||   444
Block: Buckler           |       |       |    66 |    67 ||   133
       Rpst.: Dagger     |       |     6 |    73 |    24 ||   103

Table legend: (Time is in decaauts)
 A = Elapsed time spent in this place.
 B = Non-inter-level travel time spent in this place.
 C = Inter-level travel time spent in this place.
 D = Time resting spent in this place.
 E = Time spent auto-exploring this place.
 F = Levels seen in this place.
 G = Mean time per level.
                   A        B        C        D        E       F      G
               +--------+--------+--------+--------+--------+-----+--------+
         Total |  11684 |  11380 |    304 |   2909 |   5644 |  11 | 1062.2 |
       Dungeon |  11587 |  11296 |    291 |   2909 |   5620 |   9 | 1287.4 |
        Temple |     43 |     30 |     13 |      0 |     24 |   1 |   43.0 |
          Lair |     53 |     53 |      0 |      0 |      0 |   1 |   53.0 |
               +--------+--------+--------+--------+--------+-----+--------+

Top non-repeatable levels by time:
     D:6: 1979 daAuts
     D:8: 1921 daAuts
     D:4: 1602 daAuts
     D:7: 1423 daAuts
     D:3: 1348 daAuts
     D:1: 1078 daAuts
     D:2: 1043 daAuts
     D:5: 998 daAuts
     D:9: 191 daAuts
  Lair:1: 53 daAuts
  Temple: 43 daAuts
